Kradschützen Motorcycle Team
Selects Italian Combined Arms Battlegroup
Construct Light Support Kompanie
Construct Mechanized Kompanie
Marder III Tank Destroyer
Selects Semovente da 75/18 Assault Gun
254 Reconnaissance Tractor
Marder III Tank Destroyer
18-tonne Recovery Half-track
Selects Bersaglieri Squad
Selects Vehicle Support - Secure Location
Selects Vehicle Support - Force Recon
Marder III Tank Destroyer
Construct Panzerarmee Kommand
Walking Stuka Rocket Launcher
18-tonne Recovery Half-track